 Dungeon Crawl Stone Soup version 0.30-a0-924-g0ad0bf95bc (webtiles) character file.

Game seed: 8540490588014201874

141 jlumianski the Trooper (level 5, 0/41 HPs)
             Began as a Demonspawn Fighter on Mar 22, 2023.
             Slain by an orc priest
             ... wielding a +0 club
              (3 damage)
             ... on level 4 of the Dungeon.
             The game lasted 00:06:43 (2009 turns).

jlumianski the Trooper (Demonspawn Fighter)         Turns: 2009, Time: 00:06:45

Health: 0/41       AC:  9    Str: 19    XL:     5   Next: 3%
Magic:  5/5        EV:  4    Int:  9    God:
Gold:   115        SH:  0    Dex: 12    Spells: 4/4 levels left

rFire   . . .      SeeInvis .    a - +0 war axe
rCold   . . .      Faith    .    c - +0 buckler
rNeg    . . .      Spirit   .    n - +0 chain mail
rPois   .          Reflect  .    (no helmet)
rElec   .          Rampage  .    (no cloak)
rCorr   +                        (no gloves)
Will    .....                    (no boots) Stlth
                                 (no amulet)
HPRegen 0.26/turn                f - ring of resist corrosion
MPRegen 0.09/turn                (no ring)

@: held
A: powered by pain 2
a: no special abilities


You were on level 4 of the Dungeon.
You visited 1 branch of the dungeon, and saw 4 of its levels.

You collected 115 gold pieces.

Inventory:

Hand Weapons
 a - a +0 war axe (weapon)
Missiles
 e - 10 stones
 h - 6 boomerangs (quivered)
 i - 3 atropa-tipped darts
 m - 2 poisoned darts
Armour
 b - a +0 scale mail
 c - a +0 buckler (worn)
 n - a +0 chain mail (worn)
Jewellery
 f - a ring of resist corrosion (left hand)
 o - an amulet of magic regeneration
Scrolls
 j - a scroll of immolation
 k - a scroll of vulnerability
 l - a scroll of amnesia
Potions
 d - a potion of might


   Skills:
 + Level 3.6 Fighting
 + Level 3.2 Axes
 + Level 3.5 Armour
 + Level 0.4 Dodging
 + Level 3.1 Shields


You had 4 spell levels left.
You didn't know any spells.
Your spell library was empty.

Dungeon Overview and Level Annotations

Branches:
Dungeon (4/15)
 Temple: D:4-7

Altars:
Yredelemnul

Annotations:
D:4 Sigmund


Innate Abilities, Weirdness & Mutations

You sometimes gain power by taking damage.


Message History

You slash the adder!
You kill the adder!
You have reached level 5!
Your demonic ancestry asserts itself...
You feel even more energised by your suffering.
You see here an adder corpse.
Things that are here:
a +0 flail; a +0 halberd; a gnoll corpse You now have 115 gold pieces (gained 9).
Found an escape hatch in the floor.
There is an escape hatch in the floor here.
There is an escape hatch in the floor here.
Found a leather armour.
You see here a +0 leather armour.
Found a stone staircase leading down.
There is a stone staircase leading down here.
You climb downwards.
Sigmund shouts!
The orc shouts!
The orc wizard shouts!
The orc priest shouts!
The orc shouts!
The gnoll shouts! x4; You hear a shout!
Found four items.
There is a stone staircase leading up here.
The gnoll hits you with a +0 halberd!
The gnoll throws a throwing net.
The throwing net hits you.
You become entangled in the net!
You stop ascending the stairs.
The orc hits you with a +0 short sword.
The orc priest invokes the aid of Beogh against you.
Pain shoots through your body!
You tear a large gash into the net.
The orc wizard barely misses you. The gnoll barely misses you.
The gnoll completely misses you. The orc hits you but does no damage.
Sigmund casts a spell at you.
The puff of flame hits you but does no damage.
Okay, then.
You struggle against the net.
The orc hits you but does no damage. The orc wizard casts a spell at you.
The puff of flame hits you. The gnoll hits you with a +0 halberd.
* * * LOW HITPOINT WARNING * * *
The gnoll hits you from afar with a +0 spear.
* * * LOW HITPOINT WARNING * * *
The orc hits you but does no damage. The orc priest hits you with a +0 club.
You die...

.......... ...
.........# ...
....$....##..?.
.....g.....@...
.........#.....
.....gog.......
#.....oo.......
......g@.......
......oo.......
......)........
.......".......
###+####.......
....... .......
.....##


You could see Sigmund, an orc priest, 2 orc wizards, 4 gnolls and 2 orcs.

Vanquished Creatures
  An orc wizard (D:2)
  4 gnolls
  2 adders
  A dart slug (D:1)
  5 orcs
  6 bats
  2 endoplasms (D:2)
  A giant cockroach (D:2)
  6 goblins
  6 hobgoblins
  2 jackals (D:1)
  4 kobolds
  4 quokkas
  2 ball pythons (D:2)
  4 frilled lizards (D:1)
  3 rats
53 creatures vanquished.

Notes
Turn   | Place    | Note
-------+----------+-------------------------------------------
     0 | D:1      | jlumianski the Demonspawn Fighter began the quest for the
                  | Orb.
     0 | D:1      | Reached XP level 1. HP: 18/18 MP: 1/1
   101 | D:1      | Gained mutation: You sometimes gain a little power by
                  | taking damage. [demonic ancestry]
   101 | D:1      | Reached XP level 2. HP: 13/24 MP: 2/2
   571 | D:1      | Reached XP level 3. HP: 29/29 MP: 3/3
   767 | D:2      | Found a basalt altar of Yredelemnul.
  1243 | D:2      | Reached XP level 4. HP: 3/35 MP: 4/4
  1895 | D:3      | Gained mutation: You sometimes gain power by taking damage.
                  | [demonic ancestry]
  1895 | D:3      | Reached XP level 5. HP: 41/41 MP: 5/5
  2006 | D:4      | Noticed Sigmund
  2009 | D:4      | Slain by an orc priest

Illustrated notes

Levels and vault maps discovered:
D:1:      shiori_arrival_elements, layout_basic
D:2:      layout_basic, basic_altar, minivault_25
D:3:      layout_basic, uniq_jessica
D:4:      layout_rooms, grunt_gozag_breadcrumbs, temple_green, uniq_edmund,
          uniq_sigmund

Skill      XL: |  1  2  3  4 |
---------------+-------------+-----
Shields        | 3 |  3.1
Armour         | 3 |  3.5
Axes           | 2 3 |  3.2
Fighting       | |  3.6
Dodging        | |  0.4

Action                     |  1- 3 |  4- 6 || total
---------------------------+-------+-------++-------
  Melee: War axe           |   135 |    40 ||   175
  Throw: Boomerang         |     1 |     4 ||     5
    Use: Potion            |     1 |       ||     1
         Scroll            |       |     3 ||     3
 Armour: Scale mail        |    99 |     6 ||   105
         Chain mail        |       |    27 ||    27
  Dodge: Dodged            |    64 |    17 ||    81
  Block: Buckler           |    32 |    11 ||    43

Table legend: (Time is in decaauts)
 A = Elapsed time spent in this place.
 B = Non-inter-level travel time spent in this place.
 C = Inter-level travel time spent in this place.
 D = Time resting spent in this place.
 E = Time spent auto-exploring this place.
 F = Levels seen in this place.
 G = Mean time per level.
                   A        B        C        D        E       F      G
               +--------+--------+--------+--------+--------+-----+--------+
         Total |   2094 |   2000 |     94 |    177 |   1019 |   4 |  523.5 |
       Dungeon |   2094 |   2000 |     94 |    177 |   1019 |   4 |  523.5 |
               +--------+--------+--------+--------+--------+-----+--------+

Top non-repeatable levels by time:
     D:2: 1031 daAuts
     D:1: 773 daAuts
     D:3: 286 daAuts
     D:4: 2 daAuts
